 Dungeon Crawl Stone Soup version 0.30-a0-878-gc727b3d3d6 (webtiles) character file.

Game seed: 3046972752028849993

5530 Morbidden the Destroyer (level 10, -12/75 HPs)
             Began as a Barachi Conjurer on Mar 12, 2023.
             Was a Priest of Cheibriados.
             Shot with a sling bullet by Joseph (21 damage)
             ... on level 8 of the Dungeon.
             The game lasted 00:19:34 (9850 turns).

Morbidden the Destroyer (Barachi Conjurer)          Turns: 9850, Time: 00:19:34

Health: -12/75     AC: 12    Str: 16    XL:     10   Next: 71%
Magic:  13/25      EV: 15    Int: 30    God:    Cheibriados [***...]
Gold:   492        SH:  0    Dex: 17    Spells: 10/22 levels left

rFire   . . .      SeeInvis +    a - +3 trident
rCold   + . .      Faith    +    (no shield)
rNeg    . . .      Spirit   .    v - +1 leather armour {rC+}
rPois   .          Reflect  .    w - +2 hat
rElec   .          Rampage  .    t - +0 cloak
rCorr   .                        d - +0 pair of gloves
Will    .....                    g - +2 pair of boots
Stlth   ++                       e
                                   - Hermit's Pendant {Faith Invo=14 Evo=0 MP+5}
HPRegen 0.32/turn                x - ring of see invisible
MPRegen 0.19/turn                (no ring)

@: very slow
A: amphibious, slowness 1, strong legs 1, +LOS
a: Hop, Renounce Religion, Bend Time, Temporal Distortion


You were on level 8 of the Dungeon.
You worshipped Cheibriados.
Cheibriados was most pleased with you.
You visited 2 branches of the dungeon, and saw 9 of its levels.

You collected 492 gold pieces.

Inventory:

Hand Weapons
 a - a +3 trident (weapon)
 b - a +2 flail of protection
 j - a +4 flail of freezing
Missiles
 f - 2 throwing nets
 D - 3 curare-tipped darts (quivered)
 E - 18 poisoned darts
Armour
 d - a +0 pair of gloves (worn)
 g - a +2 pair of boots (worn)
 t - a +0 cloak (worn)
 v - a +1 leather armour of cold resistance (worn)
 w - a +2 hat (worn)
Jewellery
 e - the Hermit's Pendant (around neck) {Faith Invo=14 Evo=0 MP+5}
   (You found it on level 3 of the Dungeon)

   [amulet of faith]

   Invo=14: It sets your Invocations skill to 14.
   Evo=0: It sets your Evocations skill to 0.
   It allows you to gain divine favour quickly.
   MP:        It affects your magic capacity (+5).
 l - an amulet of magic regeneration
 x - a ring of see invisible (left hand)
 y - an amulet of reflection
Wands
 G - a wand of flame (24)
Scrolls
 h - 9 scrolls of identify
 n - 2 scrolls of poison
 o - a scroll of enchant armour {unknown}
 q - 2 scrolls of torment
 r - 5 scrolls of teleportation
 s - a scroll of fog
 u - 4 scrolls of fear {unknown}
 B - 3 scrolls of immolation
Potions
 c - a potion of flight
 i - a potion of mutation {unknown}
 k - 2 potions of ambrosia {unknown}
 m - 2 potions of might
 p - a potion of cancellation {unknown}
 z - 2 potions of resistance {unknown}
 A - 6 potions of curing
 C - 3 potions of heal wounds {unknown}
 F - a potion of brilliance {unknown}


   Skills:
 * Level 5.6 Fighting
 * Level 5.0(6.7) Axes
 + Level 4.5(5.6) Maces & Flails
 * Level 4.5(5.4) Polearms
 + Level 2.2 Throwing
 * Level 5.9 Armour
 * Level 6.1 Dodging
 + Level 3.4 Stealth
 + Level 0.2 Unarmed Combat
 * Level 6.9 Spellcasting
 * Level 8.5 Conjurations


You had 10 spell levels left.
You knew the following spells:

 Your Spells              Type           Power      Damage    Failure   Level
a - Magic Dart            Conj           100%       1d8       1%          1
b - Searing Ray           Conj           100%       2d8       1%          2
c - Iskenderun's Battles  Conj           57%        2d11      4%          5
z - Iskenderun's Mystic   Conj/Tloc      35%        2d8       10%         4

Your spell library contained the following spells:

 Spells                   Type           Power      Damage    Failure   Level
 Dazzling Flash           Conj/Hex       70%        N/A       3%          3
 Fulminant Prism          Conj/Hex       17%        3d11      10%         4
 Fireball                 Conj/Fire      17%        3d9       28%         5
 Orb of Destruction       Conj           28%        9d9       82%         7
 Conjure Ball Lightning   Conj/Air       17%        3x3d6     83%         6


Dungeon Overview and Level Annotations

Branches:
Dungeon (8/15)             Temple (1/1) D:6
   Lair: D:8-11

Altars:
Ashenzari
Cheibriados
Dithmenos
Elyvilon
Gozag
Kikubaaqudgha
Makhleb
Ru
Sif Muna
Trog
Uskayaw
Wu Jian
Xom
The Shining One

Shops:
D:2 ***[

Annotations:
D:2 Grinder
D:7 2 transporters, Grum; thfrgi's ghost, novice DsBe
D:8 Joseph


Innate Abilities, Weirdness & Mutations

You are amphibious.
You cover ground slowly.
You can hop short distances.
You have an extended range of vision and can be seen from far away.


Message History

Joseph shoots a sling bullet.
The sling bullet hits you.
Casting: Magic Dart (safe; 1% risk of failure)
Confirm with . or Enter, or press ? or * to list all spells.
Aiming: Magic Dart (safe; 1% risk of failure)
Press: ? - help, Shift-Dir - straight line, f/p - Joseph
Aim: Joseph, wielding a +5 sling of electrocution and wearing a +0 leather armour (severely wounded, ally target, 100% to hit)
The magic dart hits Joseph.
Joseph is severely wounded.
Your battlesphere fires!
The barrage of energy hits Joseph!
Joseph is almost dead.
Your battlesphere expends the last of its energy and dissipates.
Joseph shoots a sling bullet.
The sling bullet hits you!!
Unknown command.
Casting: Magic Dart (safe; 1% risk of failure)
Confirm with . or Enter, or press ? or * to list all spells.
Aiming: Magic Dart (safe; 1% risk of failure)
Press: ? - help, Shift-Dir - straight line, f/p - Joseph
Aim: Joseph, wielding a +5 sling of electrocution and wearing a +0 leather armour (almost dead, 100% to hit)
The magic dart hits Joseph.
Joseph is almost dead.
Joseph shoots a sling bullet.
The sling bullet hits you!
* * * LOW HITPOINT WARNING * * *
You are electrocuted!
* * * LOW HITPOINT WARNING * * *
Unknown command.
Casting: Magic Dart (safe; 1% risk of failure)
Confirm with . or Enter, or press ? or * to list all spells.
Okay, then.
Okay, then.
Unknown command.
Throw: 4 darts (curare)
Press: ? - help, Q - select action, (/) - cycle Shift-Dir - straight line, f/p - Joseph
Aim: Joseph, wielding a +5 sling of electrocution and wearing a +0 leather armour (almost dead, 63% to hit)
You throw a curare-tipped dart. The curare-tipped dart hits Joseph.
Joseph is poisoned.
Joseph convulses.
Joseph seems to slow down.
Joseph is almost dead.
Joseph shoots a sling bullet.
The sling bullet hits you!!
You die...

..... ..> ..#.. ...
#.#.# #.# #.#.# #.# #
#.#.# #.# .#
#####.#.###.##.○#....
#...#.#.##...........
#....[......##.......
#...#.....@...†@.....
##.###########.......
#.# ...... #.# .....
#.# .... #.# ... #.#
# #.# #.#


You could see Joseph (very poisoned, slow).

Vanquished Creatures
  Pikel (D:4)
  A troll (D:6)
  Prince Ribbit (D:5)
  Sigmund (D:4)
  A wyvern (D:8)
  6 yaks (D:6)
  Eustachio (D:5)
  Edmund (D:4)
  2 orc warriors (D:7)
  2 ice beasts
  A black bear (D:6)
  A phantom (D:6)
  2 centaurs
  Blork the orc (D:6)
  4 bullfrogs
  A kobold brigand (D:5)
  3 scorpions
  17 wights
  6 killer bees (D:8)
  A howler monkey (D:8)
  A quasit (D:4)
  A jelly (D:6)
  2 hounds
  2 orc priests (D:7)
  Crazy Yiuf (D:7)
  Jessica (D:3)
  A sleepcap (D:7)
  Ijyb (D:3)
  4 iguanas
  7 orc wizards
  Terence (D:3)
  5 gnolls
  2 adders
  A shadow imp (D:7)
  3 white imps
  2 ufetubi (D:4)
  2 worms (D:2)
  A dart slug (D:2)
  23 orcs
  6 ball pythons
  3 endoplasms
  2 giant cockroaches
  5 goblins
  2 hobgoblins (D:3)
  7 jackals
  13 kobolds
  3 quokkas
  5 bats
  5 frilled lizards
  3 rats
169 creatures vanquished.

Vanquished Creatures (others)
  3 demonic plants (D:4)
  47 plants
50 creatures vanquished.

Grand Total: 219 creatures vanquished

Notes
Turn   | Place    | Note
-------+----------+-------------------------------------------
     0 | D:1      | Morbidden the Barachi Conjurer began the quest for the Orb.
     0 | D:1      | Reached XP level 1. HP: 13/13 MP: 3/3
   329 | D:1      | Reached XP level 2. HP: 20/20 MP: 1/5
   546 | D:1      | Learned a level 2 spell: Searing Ray
   926 | D:2      | Found Silu's Assorted Antiques.
   978 | D:2      | Reached skill level 5 in Conjurations
  1034 | D:2      | Reached XP level 3. HP: 24/25 MP: 6/6
  1140 | D:2      | Found a shimmering altar of Xom.
  1327 | D:2      | Found Wicujeus's Assorted Antiques.
  1413 | D:2      | Found Aghempig's Assorted Antiques.
  1569 | D:2      | Found Moukhlou's Assorted Antiques.
  1641 | D:2      | Found Oboibugh's Armour Shoppe.
  1810 | D:2      | Reached skill level 1 in Fighting
  2204 | D:3      | Reached skill level 1 in Polearms
  2254 | D:3      | Noticed Terence
  2264 | D:3      | Killed Terence
  2265 | D:3      | Reached skill level 1 in Armour
  2265 | D:3      | Reached XP level 4. HP: 14/32 MP: 4/8
  2427 | D:3      | Noticed Jessica
  2443 | D:3      | Killed Jessica
  2444 | D:3      | Reached XP level 5. HP: 23/37 MP: 2/9
  2548 | D:3      | Noticed Ijyb
  2672 | D:3      | Found the Hermit's Pendant {Faith Invo=14 Evo=0 MP+5}
  2700 | D:3      | Noticed Grinder
  2984 | D:3      | Reached skill level 1 in Axes
  3275 | D:3      | Killed Ijyb
  3411 | D:4      | Reached XP level 6. HP: 44/44 MP: 15/16
  3775 | D:4      | Reached skill level 6 in Conjurations
  3775 | D:4      | Reached XP level 7. HP: 51/51 MP: 17/17
  4153 | D:4      | Noticed Pikel
  4187 | D:4      | Killed Pikel
  4188 | D:4      | Reached XP level 8. HP: 22/58 MP: 13/18
  4443 | D:4      | Noticed Sigmund
  4466 | D:5      | Entered Level 5 of the Dungeon
  4487 | D:5      | Noticed Eustachio
  4509 | D:5      | Killed Eustachio
  4647 | D:5      | Noticed Edmund
  4669 | D:4      | Killed Edmund
  4670 | D:4      | Reached skill level 1 in Maces & Flails
  4670 | D:4      | Reached skill level 1 in Throwing
  4904 | D:5      | Noticed Prince Ribbit
  4918 | D:5      | Killed Prince Ribbit
  4919 | D:5      | Reached skill level 5 in Spellcasting
  5579 | D:4      | Killed Sigmund
  5580 | D:4      | Reached skill level 7 in Conjurations
  5580 | D:4      | Reached XP level 9. HP: 61/65 MP: 19/19
  5701 | D:6      | Noticed Blork the orc
  5711 | D:6      | Killed Blork the orc
  5864 | D:6      | Noticed a troll
  6062 | D:6      | Found a staircase to the Ecumenical Temple.
  6069 | Temple   | Entered the Ecumenical Temple
  6128 | Temple   | Became a worshipper of Cheibriados the Contemplative
  6425 | D:6      | Learned a level 5 spell: Iskenderun's Battlesphere
  6430 | D:6      | Learned a level 4 spell: Iskenderun's Mystic Blast
  6482 | D:6      | Identified a scroll of acquirement
  6482 | D:6      | Acquired an amulet of magic regeneration
  6720 | D:6      | Reached * piety under Cheibriados
  6904 | D:6      | Reached skill level 5 in Armour
  7238 | D:6      | Killed a troll
  7550 | D:6      | Reached skill level 5 in Dodging
  7551 | D:6      | Reached XP level 10. HP: 56/73 MP: 13/20
  7558 | D:6      | Reached skill level 5 in Fighting
  7835 | D:7      | Reached ** piety under Cheibriados
  7918 | D:7      | Reached skill level 8 in Conjurations
  8413 | D:7      | Noticed thfrgi's ghost (novice DsBe)
  8415 | D:7      | Identified the ring "Hiut" {*Corrode Drain Str+8 Int+6
                  | Stlth+}
  8445 | D:7      | Noticed Grum
  8642 | D:7      | Found a runed translucent door.
  8643 | D:7      | Noticed Crazy Yiuf
  8809 | D:7      | Found a transporter.
  8810 | D:7      | Found a transporter.
  8816 | D:7      | Identified the +1 buckler "Fistrom" {-Tele rElec Dex+6}
  9065 | D:7      | Killed Crazy Yiuf
  9207 | D:8      | Reached *** piety under Cheibriados
  9637 | D:8      | Reached skill level 5 in Axes
  9836 | D:8      | Noticed Joseph
  9850 | D:8      | Shot with a sling bullet by Joseph

Illustrated notes

Levels and vault maps discovered:
D:1:      kennysheep_arrival_seaside, layout_rooms, kennysheep_flooded_box
D:2:      layout_basic, serial_shops, shop, shop, nicolae_shop_hallway_stairs,
          nicolae_square_shop, shop, basic_altar, grunt_decor_cap
D:3:      layout_basic, minivault_25, uniq_terence, uniq_grinder, uniq_ijyb,
          uniq_jessica
D:4:      layout_rooms, serial_demonic, serial_demonic_g, serial_demonic_f,
          serial_demonic_f, serial_demonic_b, serial_bayou_lagoon_a, uniq_pikel,
          uniq_sigmund
D:5:      layout_rooms, uniq_edmund, uniq_eustachio, uniq_prince_ribbit1
D:6:      kb_forest_paths, layout_gridville, minmay_temple_entry_trees,
          uniq_blork_the_orc
D:7:      layout_loops_ring, gammafunk_ghost_gnarly_gnolls,
          uniq_crazy_yiuf_cottage
D:8:      layout_loops_ring, uniq_grum, uniq_joseph
Temple:   nicolae_temple_elliptical

Skill      XL: |  1  2  3  4  5  6  7  8  9 10 |
---------------+-------------------------------+-----
Conjurations   | 5 6 7 8 |  8.5
Fighting       | 1 2 3 4 5 |  5.6
Polearms       | 1 2 3 4 |  4.5
Armour         | 1 2 3 4 5 |  5.9
Spellcasting   | 3 4 5 6 |  6.9
Axes           | 1 2 3 4 5 |  5.0
Stealth        | 2 3 |  3.4
Dodging        | 3 4 5 6 |  6.1
Maces & Flails | 2 4 |  4.5
Throwing       | 1 2 |  2.2
Unarmed Combat | |  0.2

Action                     |  1- 3 |  4- 6 |  7- 9 | 10-12 || total
---------------------------+-------+-------+-------+-------++-------
  Melee: Unarmed           |     8 |       |       |       ||     8
         Trident           |    26 |     1 |    14 |     6 ||    47
         Punch             |     1 |       |     4 |       ||     5
         Flail             |       |    17 |    89 |    13 ||   119
  Throw: Dart              |       |     2 |    39 |     1 ||    42
         Throwing net      |       |       |     3 |       ||     3
   Cast: Magic Dart        |    56 |    40 |    48 |    92 ||   236
         Searing Ray       |     7 |    13 |    32 |    19 ||    71
         Iskenderun's Myst |       |       |     2 |     3 ||     5
         Iskenderun's Batt |       |       |       |    10 ||    10
Ability: Hop               |     1 |     2 |     6 |       ||     9
    Use: Potion            |     1 |       |     3 |       ||     4
         Scroll            |       |       |    12 |       ||    12
   Stab: Sleeping          |       |       |     4 |       ||     4
 Armour: Robe              |    18 |     8 |       |       ||    26
         Leather armour    |       |     8 |   113 |    25 ||   146
  Dodge: Dodged            |    34 |    21 |   113 |    53 ||   221

Table legend: (Time is in decaauts)
 A = Elapsed time spent in this place.
 B = Non-inter-level travel time spent in this place.
 C = Inter-level travel time spent in this place.
 D = Time resting spent in this place.
 E = Time spent auto-exploring this place.
 F = Levels seen in this place.
 G = Mean time per level.
                   A        B        C        D        E       F      G
               +--------+--------+--------+--------+--------+-----+--------+
         Total |  11855 |  11456 |    399 |    621 |   9292 |   9 | 1317.2 |
       Dungeon |  11727 |  11378 |    349 |    621 |   9240 |   8 | 1465.9 |
        Temple |    127 |     77 |     50 |      0 |     51 |   1 |  127.0 |
               +--------+--------+--------+--------+--------+-----+--------+

Top non-repeatable levels by time:
     D:6: 2263 daAuts
     D:7: 1918 daAuts
     D:4: 1803 daAuts
     D:3: 1405 daAuts
     D:2: 1398 daAuts
     D:1: 1044 daAuts
     D:8: 959 daAuts
     D:5: 936 daAuts
  Temple: 127 daAuts
